AoeStats
← Curicacas

Arabia

505493550Analyzed
1v1 RM · 23d ago on Sep 9, 2026· 47m 21s· 2 players
Game mode
Random Map
Map size
Tiny (2 player)
Population
200
Speed
Normal
Resources
Standard
Victory
Conquest
Starting age
Dark Age
Ending age
Imperial Age
RankedLock teamsTeams togetherTeam positionsShared explorationLock speedFull tech treeHidden civsTurbo modeCheats
Victory
Defeat
🇹🇷 Portuguese · Türkiye
778
+14
🇧🇷 Japanese · Brazil
734
-14
Curicacas
5:06 Loom
11:27 Feudal Age
12:14 Double-Bit Axe
12:10 Horse Collar
20:15 Castle Age
19:01 Fletching
19:13 Padded Archer Armor
19:14 Gold Mining
21:38 Bow Saw
21:29 Heavy Plow
21:27 Bodkin Arrow
22:05 Stone Mining
21:44 Crossbowman
23:30 Scale Mail Armor
25:16 Gold Shaft Mining
26:57 Wheelbarrow
28:18 Leather Archer Armor
28:26 Leather Archer Armor
28:54 Ballistics
35:29 Imperial Age
33:20 Thumb Ring
34:39 Elite Skirmisher
36:37 Pikeman
37:58 Squires
38:16 Chain Mail Armor
38:12 Forging
38:39 Kataparuto
37:53 Halberdier
39:12 Bracer
39:43 Ring Archer Armor
39:48 Plate Mail Armor
40:23 Yasama
43:17 Iron Casting
45:10 Chemistry
45:43 Hand Cart
Civil Engineer
0:34 Loom
11:23 Feudal Age
12:45 Wheelbarrow
13:22 Gold Mining
13:15 Horse Collar
13:23 Double-Bit Axe
16:07 Stone Mining
22:09 Castle Age
20:29 Fletching
23:52 Stone Shaft Mining
23:31 Arson
24:09 Bow Saw
24:21 Town Watch
28:01 Heavy Plow
32:15 Hand Cart
38:09 Imperial Age
36:57 Town Patrol
40:14 Chemistry
40:15 Conscription
44:35 Crop Rotation
45:03 Circumnavigation
46:49 Scale Mail Armor
46:56 Scale Barding Armor
Connection lost

Rejoining the realm…

Still unreachable

The connection could not be restored.

Session expired

The server has moved on; the page needs a fresh start.